AoeStats
← KingKross

Lombardia

510168035Analyzed
3v3 RM · 2d ago on Sep 29, 2026· 70m 9s· 6 players
Game mode
Random Map
Map size
Normal (6 player)
Population
200
Speed
Normal
Resources
Standard
Victory
Conquest
Starting age
Dark Age
Ending age
Imperial Age
RankedLock teamsTeams togetherTeam positionsShared explorationLock speedFull tech treeHidden civsTurbo modeCheats
Victory
Defeat
🇬🇧 Persians · United Kingdom
1174
+18
🇬🇧 Bengalis · United Kingdom
1166
+18
🇬🇧 Varangians · United Kingdom
1132
+19
🇩🇪 Danes · Germany
1301
-23
🇩🇪 Italians · Germany
1163
-16
🇩🇪 Byzantines · Germany
1158
-16
[BCBC] Simps
11:14 Feudal Age
15:00 Castle Age
13:09 Horse Collar
13:59 Double-Bit Axe
21:49 Bloodlines
22:13 Loom
23:05 Wheelbarrow
24:36 Bow Saw
25:49 Bow Saw
31:10 Heavy Plow
31:26 Hand Cart
31:34 Town Watch
31:57 Scale Barding Armor
32:03 Forging
34:30 Imperial Age
32:58 Husbandry
33:20 Chain Barding Armor
35:33 Plate Barding Armor
35:08 Gold Mining
35:09 Stone Mining
36:47 Iron Casting
36:51 Fletching
37:40 Kamandaran
41:54 Blast Furnace
42:47 Light Cavalry
42:49 Cavalier
43:45 Bodkin Arrow
44:26 Conscription
45:19 Chemistry
44:59 Savar
45:33 Hussar
47:04 Masonry
54:52 Pikeman
57:01 Capped Ram
58:09 Murder Holes
57:54 Halberdier
58:34 Squires
58:35 Scale Mail Armor
61:13 Chain Mail Armor
60:49 Arson
60:50 Gambesons
62:05 Crop Rotation
richd
4:16 Loom
11:13 Feudal Age
16:41 Castle Age
15:04 Double-Bit Axe
15:02 Horse Collar
20:27 Wheelbarrow
23:09 Bow Saw
23:49 Gold Mining
25:26 Fletching
27:32 Heavy Plow
28:11 Bodkin Arrow
28:39 Ballistics
28:22 Padded Archer Armor
33:15 Imperial Age
32:01 Leather Archer Armor
32:50 Hand Cart
33:58 Bracer
34:29 Ring Archer Armor
35:50 Two-Man Saw
36:07 Chemistry
35:22 Husbandry
36:18 Crop Rotation
36:10 Town Watch
36:41 Paiks
36:58 Conscription
37:16 Elite Elephant Archer
38:36 Caravan
39:37 Murder Holes
40:32 Mahayana
43:08 Fortified Wall
43:09 Masonry
42:21 Elite Ratha (Ranged)
45:36 Siege Elephant
45:40 Onager
48:16 Bloodlines
47:27 Light Cavalry
48:30 Elite Skirmisher
49:39 Scale Barding Armor
49:45 Forging
50:58 Scale Mail Armor
51:19 Chain Barding Armor
51:47 Crossbowman
55:00 Arbalester
55:48 Elite Battle Elephant
56:32 Man-at-Arms
56:58 Gambesons
57:14 Squires
57:55 Long Swordsman
58:21 Arson
58:28 Two-Handed Swordsman
59:33 Champion
59:35 Pikeman
61:39 Chain Mail Armor
62:00 Iron Casting
64:37 Blast Furnace
64:16 Plate Barding Armor
66:30 Architecture
65:52 Guard Tower
65:48 Arrowslits
66:10 Siege Engineers
66:21 Halberdier
66:24 Heavy Scorpion
68:26 Keep
[BCBC] robwadsworth92
6:59 Loom
12:04 Feudal Age
15:37 Castle Age
14:16 Bloodlines
15:52 Double-Bit Axe
19:09 Scale Barding Armor
21:55 Forging
25:00 Wheelbarrow
24:41 Scale Mail Armor
27:27 Scale Mail Armor
28:25 Man-at-Arms
29:37 Chain Mail Armor
31:27 Horse Collar
32:37 Bow Saw
35:11 Iron Casting
34:03 Long Swordsman
35:04 Hand Cart
35:10 Squires
35:42 Town Watch
36:14 Gambesons
39:47 Imperial Age
38:42 Town Patrol
38:34 Light Cavalry
40:16 Gothikon
41:20 Conscription
40:50 Arson
40:31 Two-Handed Swordsman
40:58 Cavalier
42:00 Gothikon
42:03 Vendel Legacy
43:07 Chain Barding Armor
44:45 Blast Furnace
44:54 Plate Barding Armor
51:02 Two-Man Saw
50:00 Onager
51:10 Heavy Plow
52:43 Siege Engineers
53:12 Plate Mail Armor
53:26 Hussar
62:12 Masonry
61:27 Pikeman
61:59 Capped Ram
Sir Ottlas
8:23 Loom
10:44 Feudal Age
12:18 Double-Bit Axe
15:02 Castle Age
13:45 Horse Collar
16:14 Bow Saw
17:12 Scale Mail Armor
26:36 Wheelbarrow
26:49 Chain Mail Armor
28:33 Arson
29:50 Hamask
32:35 Hand Cart
32:57 Forging
38:46 Imperial Age
37:02 Heavy Plow
38:53 Onager
40:30 Conscription
41:16 Siege Onager
44:50 Elite Jomsviking
50:25 Pikeman
59:09 Northmen's Fury
60:57 Hoardings
61:08 Squires
62:43 Town Watch
64:39 Masonry
66:01 Plate Mail Armor
67:37 Caravan
68:35 Halberdier
LordChickenwing
8:20 Loom
12:01 Feudal Age
17:55 Castle Age
16:54 Double-Bit Axe
16:53 Horse Collar
19:26 Pikeman
25:20 Bow Saw
26:12 Heavy Plow
27:51 Wheelbarrow
31:53 Imperial Age
29:47 Fletching
31:07 Hand Cart
31:52 Fortified Wall
33:12 Ballistics
33:02 Scale Barding Armor
34:27 Two-Man Saw
35:41 Conscription
37:00 Chemistry
35:45 Treadmill Crane
36:50 Crop Rotation
37:09 Guilds
37:17 Elite Varangian Guard
37:59 Squires
37:45 Arson
37:46 Gambesons
37:22 Halberdier
38:35 Chain Barding Armor
39:49 Scale Mail Armor
39:59 Forging
40:19 Husbandry
41:10 Chain Mail Armor
44:09 Hoardings
44:38 Plate Mail Armor
44:44 Iron Casting
44:06 Bodkin Arrow
46:09 Plate Barding Armor
45:42 Heavy Camel Rider
47:56 Bracer
50:23 Logistica
55:20 Capped Ram
57:00 Siege Ram
58:48 Caravan
62:32 Light Cavalry
KingKross
10:15 Feudal Age
12:40 Feudal Age
14:15 Wheelbarrow
13:29 Double-Bit Axe
16:46 Castle Age
14:39 Horse Collar
15:57 Padded Archer Armor
18:58 Bow Saw
28:50 Heavy Plow
33:03 Imperial Age
32:13 Leather Archer Armor
35:04 Chemistry
34:44 Pirotechnia
34:59 Conscription
36:05 Ring Archer Armor
38:54 Fletching
46:03 Crop Rotation
48:30 Bodkin Arrow
49:48 Two-Man Saw
52:50 Hand Cart
54:50 Elite Skirmisher
55:36 Thumb Ring
55:34 Bracer
62:41 Ballistics
62:12 Heated Shot
65:52 Caravan
Connection lost

Rejoining the realm…

Still unreachable

The connection could not be restored.

Session expired

The server has moved on; the page needs a fresh start.